 Dungeon Crawl Stone Soup version 0.27-a0-538-g15ff5c5295 (webtiles) character file.

Game seed: 12525357142676438297

109 quinnr the Twirler (level 4, -10/33 HPs)
             Began as a Demonspawn Gladiator on Mar 6, 2021.
             Was an Initiate of Nemelex Xobeh.
             Killed by divine providence
             ... invoked by an orc priest
              (11 damage)
             ... on level 3 of the Dungeon.
             The game lasted 00:06:10 (2423 turns).

quinnr the Twirler (Demonspawn Gladiator)           Turns: 2423, Time: 00:06:11

Health: -10/33     AC:  4    Str: 16    XL:     4   Next: 60%
Magic:  4/4        EV: 12    Int:  9    God:    Nemelex Xobeh [......]
Gold:   79         SH:  0    Dex: 14    Spells: 3/3 levels left

rFire    + . .     SeeInvis .   a - +0 quarterstaff
rCold    + . .     Faith    .   (shield currently unavailable)
rNeg     . . .     Spirit   .   b - +0 leather armour
rPois    +         Reflect  .   c - +0 helmet
rElec    +         Harm     .   (no cloak)
rCorr    +         Rampage  .   (no gloves)
Will     .....                  (no boots)
Stlth    +.........             (no amulet)
HPRegen  0.11/turn              (no ring)
MPRegen  0.09/turn              (no ring)

@: resistant
A: claws 1, talons 1, demonic guardian 1
a: Renounce Religion, Draw Escape, Draw Destruction, Draw Summoning


You were on level 3 of the Dungeon.
You worshipped Nemelex Xobeh.
Nemelex Xobeh was noncommittal.
You visited 1 branch of the dungeon, and saw 3 of its levels.

You collected 79 gold pieces.

Inventory:

Hand Weapons
 a - a +0 quarterstaff (weapon)
Missiles
 d - 3 throwing nets (quivered)
 k - 5 javelins
Armour
 b - a +0 leather armour (worn)
 c - a +0 helmet (worn)
Jewellery
 m - a ring of fire
Scrolls
 f - 2 scrolls of teleportation {unknown}
 g - a scroll of blinking {unknown}
Potions
 e - a potion of resistance
 h - a potion of attraction {unknown}
 i - a potion of curing
 j - a potion of degeneration {unknown}
 l - a potion of mutation {unknown}
 n - a potion of cancellation {unknown}


   Skills:
 - Level 2.0 Fighting
 + Level 4.8 Staves
 - Level 1.8 Throwing
 - Level 2.7 Dodging


You had 3 spell levels left.
You didn't know any spells.
Your spell library was empty.

Dungeon Overview and Level Annotations

Branches:
Dungeon (3/15)

Altars:
Nemelex Xobeh


Innate Abilities, Weirdness & Mutations

You have sharp fingernails.
You have sharp toenails.
A weak demonic guardian rushes to your aid.


Message History

The bat closely misses you. x3; The orc hits you with a +0 whip.
The orc misses you.
Your shadow imp barely misses the bat.
The bat hits you. The orc hits you with a +0 flail.
You closely miss the orc. Your kick misses the orc.
The orc is lightly wounded.
The bat barely misses you. The bat hits you. The orc misses you.
The orc priest mumbles some strange prayers to Beogh against you.
Pain shoots through your body!
* * * LOW HITPOINT WARNING * * *
The bat closely misses you.
Okay, then.
It was a potion of resistance.
You feel protected. The bat closely misses you. The orc closely misses you.
The bat hits you but does no damage. The orc misses you.
Your shadow imp hits the bat.
It was a potion of curing.
You feel better. The bat hits you but does no damage.
The bat barely misses your shadow imp. The bat closely misses your shadow imp.
The orc hits you but does no damage. The orc hits you with a +0 flail.
The orc misses you. The orc hits you but does no damage.
You barely miss the orc priest. You claw the orc priest.
The orc priest is moderately wounded.
The bat barely misses your shadow imp. The bat closely misses you.
The orc barely misses you. The orc hits you with a +0 whip.
* * * LOW HITPOINT WARNING * * *
A demonic guardian appears!
The orc hits you but does no damage.
The orc priest hits you but does no damage.
The orc hits you with a +0 mace.
* * * LOW HITPOINT WARNING * * *
Your shadow imp completely misses the orc.
The orc closely misses you.
You hit the orc priest. Your kick misses the orc priest.
The orc priest is heavily wounded.
The bat closely misses you. The bat closely misses your shadow imp.
The orc barely misses you.
The orc priest invokes the aid of Beogh against you.
Beogh smites you!
You die...
Your body disappears without a glow.

##... ...#.......#
###..####..#.......#
.##................####
.#..#####.............#.
.......)................
.########...............
.# #.....b.b....... >#
#.......5o...... <#
##.....o@o5..... ##
#......oo......
##........#....
#..............
#..............
#..............
#..............
#..........#...


You could see an orc priest, 4 orcs, 2 bats, a friendly quasit (summoned) and a
friendly shadow imp (summoned).

Vanquished Creatures
  Jessica (D:2)
  Terence (D:2)
  An adder (D:3)
  An ooze (D:1)
  3 dart slugs
  2 leopard geckos (D:1)
  An orc (D:2)
  2 giant cockroaches
  6 goblins
  5 hobgoblins
  2 jackals (D:2)
  3 bats
  5 frilled lizards
  3 kobolds
  4 rats
40 creatures vanquished.

Vanquished Creatures (collateral kills)
  A bat (D:3)
  A goblin (D:1)
  A hobgoblin (D:1)
  A rat (D:1)
4 creatures vanquished.

Grand Total: 44 creatures vanquished

Notes
Turn   | Place    | Note
-------+----------+-------------------------------------------
     0 | D:1      | quinnr the Demonspawn Gladiator began the quest for the
                  | Orb.
     0 | D:1      | Reached XP level 1. HP: 16/16 MP: 1/1
   316 | D:1      | Reached skill level 3 in Staves
   337 | D:1      | Gained mutation: A weak demonic guardian rushes to your
                  | aid. [demonic ancestry]
   337 | D:1      | Reached XP level 2. HP: 20/22 MP: 2/2
   968 | D:1      | Gained mutation: You have sharp toenails. [demonic
                  | ancestry]
   968 | D:1      | Reached XP level 3. HP: 27/27 MP: 3/3
  1302 | D:2      | Found a sparkling altar of Nemelex Xobeh.
  1349 | D:2      | Became a worshipper of Nemelex Xobeh the Trickster
  1374 | D:2      | Noticed Jessica
  1381 | D:2      | Killed Jessica
  1382 | D:2      | Reached skill level 4 in Staves
  1396 | D:2      | Gained mutation: You have sharp fingernails. [demonic
                  | ancestry]
  1396 | D:2      | Reached XP level 4. HP: 33/33 MP: 4/4
  2021 | D:3      | Noticed Terence
  2334 | D:2      | Killed Terence
  2419 | D:3      | HP: 3/33 [orc priest/nerve-wracking pain (8)]
  2422 | D:3      | HP: 1/33 [orc/+0 mace (5)]
  2423 | D:3      | Killed from afar by an orc priest

Illustrated notes

Levels and vault maps discovered:
D:1:      lightli_arrival_flooded_house, layout_basic, minivault_4,
          chequers_garden
D:2:      layout_loops_ring, marbit_many_paths, fountainhead, uniq_jessica
D:3:      layout_rooms, uniq_terence

Skill      XL: |  1  2  3 |
---------------+----------+-----
Staves         | 3 4 |  4.8
Fighting       | |  2.0
Throwing       | |  1.8
Dodging        | |  2.7

Action                   |  1- 3 |  4- 6 || total
-------------------------+-------+-------++-------
Melee: Quarterstaff      |    82 |    38 ||   120
       Kick              |     6 |     8 ||    14
  Use: Potion            |       |     2 ||     2
 Stab: Sleeping          |     1 |       ||     1
Armor: Leather armour    |    28 |    27 ||    55
Dodge: Dodged            |    52 |    59 ||   111

Table legend: (Time is in decaauts)
 A = Elapsed time spent in this place.
 B = Non-inter-level travel time spent in this place.
 C = Inter-level travel time spent in this place.
 D = Time resting spent in this place.
 E = Time spent auto-exploring this place.
 F = Levels seen in this place.
 G = Mean time per level.
                   A        B        C        D        E       F      G
               +--------+--------+--------+--------+--------+-----+--------+
         Total |   2443 |   2339 |    104 |    248 |   1670 |   3 |  814.3 |
       Dungeon |   2443 |   2339 |    104 |    248 |   1670 |   3 |  814.3 |
               +--------+--------+--------+--------+--------+-----+--------+

Top non-repeatable levels by time:
     D:2: 1186 daAuts
     D:1: 1149 daAuts
     D:3: 107 daAuts
